Map: Tourmaline LE

Players

Bromaria

  • Race: Protoss Protoss
  • Spawn Location: 7:00

Xyon - Winner!

  • Race: Zerg Zerg
  • League: Master
  • Spawn Location: 1:00

VOD

Have the link to the VOD?

Description

Time

  • Played on: Feb. 21, 2026, 6:57 a.m.
  • Length: 8:53
Show
View Real Time Build Order
Export as new Build Order

Bromaria Protoss 

Build Orders: 1 Gate Expand, Oracle Opening 

Get SALT Encoding   

  12  0:00  Probe  
  13  0:12  Probe  
  14  0:18  Pylon  
  14  0:24  Probe  
  15  0:32  Probe  
  15  0:38  Gateway  
  15  0:40  Probe  
  16  0:47  Assimilator  
  17  0:51  Probe  
  18  1:03  Probe  
  19  1:09  Pylon  
  19  1:15  Probe  
  20  1:29  Nexus  
  20  1:39  Cybernetics Core  
  20  1:42  Probe  
  21  1:49  Assimilator  
  21  1:55  Pylon  
  21  1:59  Probe  
  22  2:05  Adept  
  22  2:11  Probe  
  25  2:20  Stargate  
  25  2:24  Stalker  
  25  2:25  Warp Gate  
  25  2:28  Probe  
  28  2:41  Probe x2  
  30  2:53  Probe x2  
  30  2:55  Adept  
  34  3:05  Oracle, Probe  
  38  3:09  Probe  
  39  3:17  Probe  
  40  3:20  Gateway  
  40  3:28  Probe  
  41  3:37  Probe  
  41  3:41  Nexus  
  42  3:54  Probe, Pylon  
  43  3:55  Oracle  
  46  4:09  Twilight Council  
  46  4:11  Forge  
  46  4:12  Probe x2  
  48  4:19  Adept x2  
  52  4:24  Probe  
  52  4:29  Probe  
  54  4:36  Gateway  
  54  4:40  Gateway, Blink  
  54  4:41  Pylon  
  54  4:51  Probe  
  56  4:52  Probe x2  
  56  4:53  Assimilator  
  56  4:54  Protoss Ground Weapons Level 1  
  56  4:56  Assimilator  
  56  4:57  Pylon  
  56  4:59  Probe  
  57  5:05  Probe x2  
  60  5:09  Probe  
  61  5:17  Probe  
  61  5:18  Probe  
  61  5:20  Stalker  
  65  5:21  Probe, Stalker  
  68  5:29  Probe  
  68  5:31  Probe  
  68  5:33  Stalker, Probe  
  73  5:37  Probe  
  73  5:39  Probe, Pylon  
  73  5:53  Probe x2  
  73  5:55  Stalker x3  
  73  5:56  Probe  
  82  6:02  Templar Archives  
  82  6:05  Pylon, Probe x2  
  82  6:08  Assimilator, Probe  
  85  6:11  Gateway  
  85  6:17  Stalker x2  
  85  6:18  Stalker  
  91  6:19  Psionic Storm  
  91  6:21  Stalker  
  91  6:25  Gateway  
  93  6:29  Probe x2  
  93  6:31  Gateway  
  95  6:34  Photon Cannon  
  95  6:39  Probe  
  96  6:41  Probe  
  96  6:42  Probe  
  98  6:56  High Templar  
  98  6:59  Assimilator  
  100  7:03  Probe, Pylon  
  100  7:04  Pylon  
  101  7:13  Charge  
  101  7:15  Pylon  
  101  7:17  Gateway  
  101  7:18  Gateway  
  101  7:20  Gateway  
  99  7:32  High Templar x3  
  99  7:33  Probe x2  
  103  7:39  Adept, Probe  
  106  7:45  Nexus  
  106  7:46  Adept  
  106  7:48  Pylon  
  106  7:49  Pylon  
  96  8:06  Archon  
  96  8:08  Stalker  
  96  8:09  Stalker x6  
  91  8:14  High Templar  
  91  8:15  Probe  
  91  8:18  Gateway  
  94  8:25  Shield Battery x2  
  94  8:30  Zealot x2  
  94  8:34  Zealot  
  75  8:45  Zealot x6  
Show
View Real Time Build Order
Export as new Build Order

Xyon Zerg - Winner!

Build Orders: Hatch First 

Get SALT Encoding   

  12  0:01  Drone  
  13  0:08  Drone  
  14  0:15  Extractor, Drone  
  15  0:21  Overlord  
  15  0:40  Drone  
  16  0:46  Hatchery  
  15  0:50  Drone  
  15  0:52  Drone  
  15  0:56  Drone  
  18  1:07  Extractor  
  17  1:13  Spawning Pool  
  16  1:19  Drone  
  17  1:31  Drone  
  18  1:33  Drone  
  19  1:42  Drone  
  20  1:52  Drone  
  21  1:59  Queen  
  21  2:01  Queen  
  23  2:03  Zergling x2  
  26  2:09  Overlord  
  26  2:15  Zergling x2  
  26  2:18  Metabolic Boost  
  26  2:21  Drone  
  28  2:28  Drone x2  
  30  2:33  Drone  
  30  2:34  Drone  
  32  2:40  Queen  
  34  2:52  Hatchery  
  34  2:56  Overlord  
  33  3:02  Zergling x4  
  33  3:04  Overlord  
  35  3:08  Overlord  
  35  3:11  Drone  
  36  3:16  Drone x3  
  39  3:23  Drone x2  
  39  3:24  Drone x2  
  43  3:28  Drone  
  43  3:33  Queen  
  46  3:45  Spore Crawler  
  46  3:47  Spore Crawler, Drone x4  
  47  3:52  Drone x2  
  47  3:53  Drone  
  49  3:58  Drone x2  
  49  4:00  Evolution Chamber  
  50  4:03  Zergling x4  
  50  4:08  Overlord  
  50  4:09  Overlord  
  52  4:16  Spore Crawler  
  51  4:21  Drone x3  
  51  4:22  Drone x2  
  56  4:25  Drone x2  
  56  4:30  Zerg Melee Weapons Level 1  
  58  4:33  Drone x3  
  58  4:34  Drone  
  62  4:39  Drone x3  
  64  4:46  Zergling x2  
  64  4:50  Lair  
  64  4:52  Zergling x10, Extractor  
  69  4:54  Extractor  
  67  5:00  Drone x6  
  73  5:18  Overlord x2  
  73  5:19  Overlord, Baneling Nest  
  72  5:24  Queen  
  72  5:25  Hatchery  
  73  5:31  Extractor x2, Drone  
  73  5:32  Drone  
  73  5:38  Drone x9  
  80  5:50  Zergling x14  
  80  5:53  Hydralisk Den  
  80  5:56  Zergling x4  
  86  5:57  Hatchery  
  86  5:58  Overseer  
  86  6:01  Zergling x6  
  86  6:02  Zergling x2  
  86  6:03  Centrifugal Hooks  
  89  6:17  Overlord x4  
  89  6:18  Drone  
  89  6:19  Drone x2  
  89  6:25  Zergling x10  
  96  6:26  Muscular Augments  
  96  6:28  Zerg Missile Weapons Level 1  
  96  6:34  Overlord  
  96  6:36  Hydralisk x4  
  104  6:43  Drone  
  104  6:45  Drone x3  
  108  6:52  Hydralisk  
  108  6:53  Hydralisk x2  
  112  6:55  Hydralisk x3  
  112  7:01  Hydralisk x3  
  119  7:02  Zergling x2  
  119  7:03  Zergling x2  
  127  7:10  Hydralisk x3, Hatchery  
  127  7:11  Zergling x2  
  127  7:12  Zergling x2  
  134  7:16  Overlord  
  134  7:19  Hydralisk x2  
  138  7:27  Overlord x3  
  135  7:30  Grooved Spines  
  135  7:45  Hydralisk x7  
  135  7:47  Zergling x12  
  155  7:53  Zergling x8  
  149  8:11  Hydralisk x7  
  157  8:12  Zergling x2  
  157  8:13  Zergling x4  
  157  8:19  Overlord x5  
  159  8:20  Overlord  
  159  8:22  Infestation Pit  
  159  8:26  Zergling x14  
Tags
 
Add a new tag
Caveats
  • Supply blocks, unpowered buildings, or Contaminate may cause inaccurate times.
  • Supply counts are checked every 10 seconds.